 Dungeon Crawl Stone Soup version 0.26-a0-455-g0958c023ba (webtiles) character file.

Game seed: 13662768405277722034

708 feelmyfire the Changer (level 7, -3/76 HPs)
             Began as a Demigod Transmuter on July 28, 2020.
             Slain by a water moccasin (4 damage)
             ... on level 5 of the Dungeon.
             The game lasted 00:08:51 (5858 turns).

feelmyfire the Changer (Demigod Transmuter)         Turns: 5858, Time: 00:08:52

Health: -3/76      AC: 27    Str: 13    XL:     7   Next: 16%
Magic:  11/12      EV:  2    Int: 21    God:
Gold:   200        SH:  0    Dex: 16    Spells: 1/9 levels left

rFire    . . .     SeeInvis .   g - +2 dagger (venom)
rCold    . . .     Faith    .   (no shield)
rNeg     + + +     Spirit   .   (armour currently unavailable)
rPois    +         Reflect  .   (helmet currently unavailable)
rElec    .         Harm     .   (cloak currently unavailable)
rCorr    .         NoTele   +   (gloves currently unavailable)
MR       .....                  (boots currently unavailable)
Stlth    +.........             (no amulet)
HPRegen  0.22/turn              j - +4 ring of protection
MPRegen  0.13/turn              p - ring of poison resistance

@: lethally poisoned (-3 -> -4), tree-form
A: high mp 1
a: no special abilities


You were on level 5 of the Dungeon.
You were a tree.
You visited 1 branch of the dungeon, and saw 5 of its levels.

You collected 200 gold pieces.

Inventory:

Hand Weapons
 g - a +2 dagger of venom (weapon)
Armour
 a - a +1 robe
 c - a -2 robe
 i - a +2 robe of cold resistance (melded)
Jewellery
 j - a +4 ring of protection (left branch)
 n - an uncursed ring of resist corrosion
 p - a ring of poison resistance (right branch)
Wands
 r - a wand of acid (4)
Scrolls
 b - a scroll of fog
 d - 3 scrolls of magic mapping
 e - a scroll of teleportation
 f - a scroll of amnesia
 k - a scroll of random uselessness
 o - a scroll of enchant weapon
 t - a scroll of fear {unknown}
Potions
 h - a potion of degeneration
 l - 2 potions of stabbing
 m - 2 potions of lignification
 q - a potion of might
 s - a potion of brilliance
 u - 2 potions of curing


   Skills:
 - Level 0.8 Fighting
 - Level 1.7 Dodging
 + Level 4.6 Unarmed Combat
 - Level 1.7 Spellcasting
 * Level 5.6 Transmutations
 + Level 0.8 Ice Magic
 - Level 3.0 Poison Magic


You had one spell level left.
You knew the following spells:

 Your Spells              Type           Power        Failure   Level
a - Beastly Appendage     Tmut           ####..       1%          1
b - Spider Form           Tmut/Pois      ###.......   8%          3
c - Ice Form              Ice/Tmut       ###.....     36%         4

Your spell library contained the following spells:

 Spells                   Type           Power        Failure   Level
 Animate Skeleton         Necr           #.....       16%         1
 Apportation              Tloc           #.....       16%         1
 Corona                   Hex            #......      16%         1
 Summon Small Mammal      Summ           #...         16%         1
 Wereblood                Tmut           ####....     2%          2
 Blade Hands              Tmut           ####......   38%         5


Dungeon Overview and Level Annotations

Branches:
Dungeon (5/15)             Temple (0/1) D:4

Annotations:
D:3 3 runed translucent doors, Totomo's ghost, amateur OpBr


Innate Abilities, Weirdness & Mutations

You have an increased reservoir of magic. (+10% MP)


Message History

Beogh smites you!
* * * LOW HITPOINT WARNING * * *
The water moccasin bites you but does no damage.
You take 10 damage, and have 18/76 hp.
You miss the water moccasin.
The water moccasin bites you but does no damage.
An orc priest comes into view. It is wielding a +0 mace.
You closely miss the water moccasin.
The water moccasin bites you but does no damage. x2
You hit the water moccasin but do no damage.
You feel sick.
The water moccasin bites you but does no damage.
You take 1 damage, and have 17/76 hp.
You miss the water moccasin. The water moccasin bites you.
* * * LOW HITPOINT WARNING * * *
The orc priest calls down the wrath of Beogh upon you.
Beogh smites you!
* * * LOW HITPOINT WARNING * * *
The water moccasin bites you.
You die...

##....## .# ##..oo.# ..
###..#.##### #.
#..........#
#.##..........#
#..........o..#
#............#
#...).......o#############
#...........oS♣..........#
#.#..........#############
###.........<#
#..........# #..........#
############


You could see a water moccasin (very poisoned), 2 orc priests and an orc.

Vanquished Creatures
  Grinder (D:4)
  A centaur (D:5)
  A water moccasin skeleton (D:4)
  2 hounds (D:4)
  An orc priest (D:4)
  4 orc wizards
  A worker ant (D:4)
  2 adders
  2 gnolls (D:3)
  An ooze (D:1)
  2 adder skeletons (D:4)
  2 worms (D:2)
  2 dart slugs
  4 leopard geckos
  20 orcs
  4 bats
  2 giant cockroaches (D:2)
  12 hobgoblins
  14 jackals
  A quokka (D:4)
  A ball python (D:1)
  2 frilled lizards
  9 goblins
  4 kobolds
  6 rats
101 creatures vanquished.

Vanquished Creatures (others)
  3 fungi (D:3)
  A plant (D:3)
4 creatures vanquished.

Grand Total: 105 creatures vanquished

Notes
Turn   | Place    | Note
-------+----------+-------------------------------------------
     0 | D:1      | feelmyfire the Demigod Transmuter began the quest for the
                  | Orb.
     0 | D:1      | Reached XP level 1. HP: 15/15 MP: 5/5
   248 | D:1      | Reached skill level 2 in Transmutations
   405 | D:1      | Reached XP level 2. HP: 17/22 MP: 7/7
   919 | D:1      | Reached XP level 3. HP: 27/27 MP: 6/8
  1190 | D:2      | Reached skill level 3 in Transmutations
  1622 | D:2      | Found a shattered altar of Ashenzari.
  2147 | D:3      | Learned a level 3 spell: Spider Form
  2166 | D:3      | Found a shadowy altar of Dithmenos.
  2266 | D:3      | Found a runed translucent gate.
  2266 | D:3      | Found a runed translucent gate.
  2267 | D:3      | Found a runed translucent gate.
  2267 | D:3      | Noticed a big kobold
  2267 | D:3      | Noticed Totomo's ghost (amateur OpBr)
  2346 | D:3      | Reached skill level 1 in Poison Magic
  2346 | D:3      | Reached XP level 4. HP: 13/34 MP: 5/9
  3367 | D:3      | Found an iron altar of Okawaru.
  3379 | D:3      | Reached XP level 5. HP: 26/39 MP: 10/10
  3610 | D:4      | Found a staircase to the Ecumenical Temple.
  3673 | D:4      | Noticed Grinder
  3686 | D:4      | Reached skill level 4 in Transmutations
  4219 | D:4      | Reached XP level 6. HP: 7/46 MP: 11/11
  4919 | D:4      | Killed Grinder
  4919 | D:4      | Reached skill level 5 in Transmutations
  4936 | D:4      | Learned a level 4 spell: Ice Form
  5597 | D:4      | Reached XP level 7. HP: 51/51 MP: 12/12
  5660 | D:5      | Entered Level 5 of the Dungeon
  5858 | D:5      | HP: 1/76 [orc priest/divine providence (12)]
  5858 | D:5      | Slain by a water moccasin

Illustrated notes

Levels and vault maps discovered:
D:1:      lemuel_arrival_lava_pool, layout_basic, chequers_decorated_corner,
          chequers_serial_rivers_micro_e, minmay_misc_feat_cross
D:2:      wander_river, layout_loops_cross, ashenzari_conservatory_becter,
          dk_noncrumbling_3
D:3:      layout_loops_ring, old_standard_altar, gammafunk_ghost_nasty_kobolds,
          okawaru_altar_gauntlet_db
D:4:      layout_layer_cave, minmay_temple_entry_glass, uniq_grinder
D:5:      layout_rooms, overflow_temple_1_default, sigmund_army

Skill      XL: |  1  2  3  4  5  6 |
---------------+-------------------+-----
Transmutations | 2 3 4 5 |  5.6
Unarmed Combat | 3 4 |  4.6
Poison Magic   | 1 2 3 |  3.0
Fighting       | |  0.8
Dodging        | |  1.7
Spellcasting   | |  1.7
Ice Magic      | |  0.8

Action                   |  1- 3 |  4- 6 |  7- 9 || total
-------------------------+-------+-------+-------++-------
Melee: Unarmed           |   137 |    40 |     6 ||   183
       Kick              |    20 |       |       ||    20
       Headbutt          |     9 |       |       ||     9
       Punch             |     1 |     3 |     2 ||     6
       Dagger            |       |   175 |    19 ||   194
 Cast: Beastly Appendage |    14 |       |       ||    14
       Spider Form       |     2 |     3 |     1 ||     6
 Abil: End Transformatio |       |       |     1 ||     1
Evoke: Wand              |       |     2 |       ||     2
  Use: Scroll            |    11 |     5 |       ||    16
       Potion            |       |       |     1 ||     1
 Stab: Sleeping          |     2 |       |       ||     2
Armor: Robe              |    25 |    94 |     8 ||   127
       Skin              |     6 |     5 |     9 ||    20
Dodge: Dodged            |    93 |   175 |    19 ||   287

Table legend: (Time is in decaauts)
 A = Elapsed time spent in this place.
 B = Non-inter-level travel time spent in this place.
 C = Inter-level travel time spent in this place.
 D = Time resting spent in this place.
 E = Time spent auto-exploring this place.
 F = Levels seen in this place.
 G = Mean time per level.
                   A        B        C        D        E       F      G
               +--------+--------+--------+--------+--------+-----+--------+
         Total |   5857 |   5670 |    187 |   1252 |   3470 |   5 | 1171.4 |
       Dungeon |   5857 |   5670 |    187 |   1252 |   3470 |   5 | 1171.4 |
               +--------+--------+--------+--------+--------+-----+--------+

Top non-repeatable levels by time:
     D:3: 2012 daAuts
     D:4: 1513 daAuts
     D:1: 1071 daAuts
     D:2: 1063 daAuts
     D:5: 197 daAuts
